[Event "*** Titled Tuesday Blitz"]
[Site "Chess.com"]
[Date "2020.05.19"]
[Round "2"]
[White "mirandamikadze"]
[Black "frankshar"]
[Result "1/2-1/2"]
[WhiteElo "1982"]
[BlackElo "2357"]
[TimeControl "180+1"]
[EndTime "12:19:38 PDT"]
[Termination "Game drawn by repetition"]

1. e4 c6 2. d4 d5 3. e5 Bf5 4. Bd3 Bxd3 5. Qxd3 e6 6. Nf3 Qa5+ 7. Nbd2 Qa6 8. c4 Nd7 9. b3 Ne7 10. O-O Ng6 11. Rd1 Be7 12. Qc2 O-O 13. g3 Rac8 14.
Bb2 c5 15. h4 cxd4 16. Bxd4 Rfd8 17. h5 Ngf8 18. h6 g6 19. Qd3 dxc4 20. Nxc4 Nb6 21. Nxb6 Qxd3 22. Rxd3 axb6 23. Rad1 Nd7 24. R3d2 Kf8 25.
Kf1 Ke8 26. Be3 Nc5 27. Rxd8+ Rxd8 28. Rxd8+ Kxd8 29. Ke2 Kd7 30. Nd4 f6 31. exf6 Bxf6 32. f3 Be5 33. g4 Kd6 34. Nb5+ Kc6 35. Nd4+ Bxd4 36. Bxd4 Nd7 37. Kd3 Kd5 38. b4 e5 39.
Bc3 b5 40. a3 Nf6 41. Kc2 Nd7 42.
Kb3 Nb6 43. Bb2 Nc4 44. Bc1 Kd4 45. a4 bxa4+ 46. Kxa4 e4 47. fxe4 Kxe4 48. Kb5 Ne5 49. g5 Nd7 50. Bd2 Kd5 51. Bc1 Kd4 52. Bd2 Kd5 53. Bc1 Kd6 54. Bd2 Kc7 55. Bf4+ Kc8 56.
Kc4 Kd8 57. Kd5 Ke7 58. Bd6+ Kf7 59. Bf4 Ke7 60. Bd6+ Kf7 61. Bf4 Ke7 1/2-1/2

[Event "*** Titled Tuesday Blitz"]
[Site "Chess.com"]
[Date "2020.05.19"]
[Round "2"]
[White "manmanlai1"]
[Black "vaishali2001"]
[Result "0-1"]
[WhiteElo "2352"]
[BlackElo "2637"]
[TimeControl "180+1"]
[EndTime "12:19:39 PDT"]
[Termination "vaishali2001 won by checkmate"]

1. e4 e5 2. Nf3 Nc6 3. Bc4 Nf6 4.
d3 h6 5. c3 d6 6. O-O g5 7. d4 Qe7 8. b4 Bg7 9. b5 Na5 10. Bd3 O-O 11. dxe5 dxe5 12. Ba3 Qe8 13. Nbd2 b6 14. Re1 Bb7 15. Nf1 Rd8 16. Qc2 Nh5 17.
Ne3 Nf4 18. Bf1 g4 19. Nh4 Qe6 20. Nhf5 Rfe8 21. Rad1 h5 22. c4 Kh7 23. Nd5 Rd7 24.
c5 bxc5 25. Bxc5 Bxd5 26. exd5 Qg6 27. Qb1 Nb7 28. Bb4 Nxd5 29. Bd2 Nf6 30. Bd3 Rxd3 31.
Qxd3 e4 32. Qc3 Qxf5 33. Qxc7 Nc5 34. Be3 Nd3 35. Rf1 Nd5 36. Qxa7 Re6 37. b6 Nxe3 38. fxe3 Qc5 39. Qxf7 Qxe3+ 40. Kh1 Rxb6 41. Qf5+ Rg6 42.
Qxh5+ Rh6 43. Qf5+ Kh8 44. Qc8+ Kh7 45. Qf5+ Rg6 46. Qh5+ Qh6 47. Qf5 g3 48. h3 Nf2+ 49. Kg1 Nxd1 50. Rxd1 Qe3+ 51. Kh1 Qe2 52. Rb1 Qd3 53.
Qh5+ Rh6 54. Qf5+ Rg6 55. Qh5+ Bh6 56. Rb7+ Kh8 57. Qe5+ Bg7 58. Qe8+ Kh7 59. Qa4 Qf1# 0-1

[Event "*** Titled Tuesday Blitz"]
[Site "Chess.com"]
[Date "2020.05.19"]
[Round "2"]
[White "bait_or_mate"]
[Black "fridaywins"]
[Result "1/2-1/2"]
[WhiteElo "2448"]
[BlackElo "2250"]
[TimeControl "180+1"]
[EndTime "12:19:40 PDT"]
[Termination "Game drawn by repetition"]

1. d4 Nf6 2. c4 g6 3. Nc3 Bg7 4.
e4 O-O 5. Nf3 d6 6. Be2 e5 7.
O-O Nc6 8. dxe5 dxe5 9. Bg5 Qe8 10. Nd5 Nxd5 11. cxd5 Nd4 12. Rc1 c6 13. dxc6 bxc6 14.
Nxd4 exd4 15. Bd3 Be6 16. Qc2 Rc8 17. b3 Qd7 18. Qc5 f6 19. Bf4 Rfd8 20. Rfd1 Bf8 21.
Qa5 c5 22. Ba6 Ra8 23. f3 Bf7 24. Bb5 Qb7 25. Qa4 Qb6 26. Bc4 Qb4 27. Qc6 Bxc4 28. Rxc4 Qb6 29. Qa4 a5 30. Kh1 h5 31. Rc2 g5 32.
Qc4+ Kg7 33. Bg3 h4 34. Bf2 Qa6 35. Rd3 Qxc4 36. Rxc4 a4 37. bxa4 Rdb8 38. Rb3 Kf7 39. Kg1 Rxb3 40. axb3 Rb8 41. b4 cxb4 42. Bxd4 b3 43. Rc1 b2 44. Rb1 Ba3 45. Kf2 Rb4 46. Bc3 Rxa4 47. Ke3 Ra6 48. Kd3 Ke6 49. Kc2 Rc6 50. Kb3 h3 51. gxh3 Bd6 52. Bxb2 Bxh2 53. Rd1 Be5 54. Bc1 Rb6+ 55. Kc4 Rc6+ 56. Kd3 Rc3+ 57.
Ke2 Rc2+ 58. Bd2 Ra2 59. Kd3 Ra3+ 60. Ke2 Ra2 61. Ke3 Ra3+ 62. Ke2 Ra2 1/2-1/2

[Event "*** Titled Tuesday Blitz"]
[Site "Chess.com"]
[Date "2020.05.19"]
[Round "2"]
[White "Feegus"]
[Black "AGW2016"]
[Result "1-0"]
[WhiteElo "2452"]
[BlackElo "2232"]
[TimeControl "180+1"]
[EndTime "12:19:40 PDT"]
[Termination "Feegus won by checkmate"]

1. Nf3 Nf6 2. g3 g6 3. Bg2 Bg7 4. O-O O-O 5. c4 d6 6. Nc3 c5 7. d4 Nc6 8. d5 Na5 9. Qd3 a6 10.
e4 Rb8 11. Bd2 Bg4 12. b3 Nd7 13. Rae1 b5 14. Bf4 bxc4 15. bxc4 Bxf3 16. Bxf3 Ne5 17. Bxe5 Bxe5 18. Bd1 Rb4 19. f4 Bd4+ 20. Kh1 Nxc4 21.
Bb3 Na5 22. Bc2 Rb2 23. Ne2 Bg7 24. Bb1 c4 25. Qf3 Qb6 26. Nc3 Qd4 27. Rc1 Rfb8 28. Rfd1 Qf2 29. Qxf2 Rxf2 30. Na4 Rb4 31. Bc2 Rxc2 32.
Rxc2 Rxa4 33. Rb1 Bd4 34. Rb8+ Kg7 35. Ra8 Nb7 36. Re8 Bf6 37. e5 dxe5 38. fxe5 Bg5 39. h4 Be3 40. Rxe7 Nc5 41. Rc7 Rb4 42. e6 Kf8 43. Rxf7+ Ke8 44. Rxh7 Bd4 45. d6 Nxe6 46. Re7+ Kd8 47. Rxe6 c3 48. Rxg6 Rb1+ 49. Kh2 Kd7 50.
Rg4 Rb2 51. Rxd4 Rxc2+ 52. Kh3 Rxa2 53. Rc4 c2 54. h5 Kxd6 55. h6 Ra1 56. Rxc2 Rh1+ 57.
Rh2 Rf1 58. h7 Rf8 59. Kg4 Rh8 60. Rh6+ Ke7 61. Kg5 Kf7 62. Rf6+ Kg7 63. Rxa6 Kxh7 64.
Ra7+ Kg8 65. Kg6 Rh6+ 66. Kxh6 Kf8 67. Kg6 Ke8 68. g4 Kd8 69. g5 Kc8 70. Kf6 Kb8 71. Rf7 Kc8 72. g6 Kd8 73. g7 Ke8 74. g8=Q# 1-0

[Event "*** Titled Tuesday Blitz"]
[Site "Chess.com"]
[Date "2020.05.19"]
[Round "2"]
[White "Alexander_Zubov"]
[Black "gross-aleks"]
[Result "1-0"]
[WhiteElo "2945"]
[BlackElo "2559"]
[TimeControl "180+1"]
[EndTime "12:19:41 PDT"]
[Termination "Alexander_Zubov won by resignation"]

1. d4 Nf6 2. Nf3 e6 3. c4 b6 4. a3 Bb7 5. Nc3 Ne4 6. Nxe4 Bxe4 7. Nd2 Bb7 8. e4 d6 9. Bd3 Nc6 10. Nf3 e5 11. d5 Ne7 12. h4 h5 13. Bc2 Bc8 14.
Ba4+ Bd7 15. Ng5 Ng8 16. Be3 Nf6 17. f3 Bxa4 18. Qxa4+ Qd7 19. Qa6 c5 20. dxc6 Qxc6 21. a4 Be7 22. Qb5 Rc8 23. b3 O-O 24. Qxc6 Rxc6 25.
a5 bxa5 26. Rxa5 a6 27. Kd2 Ra8 28. Rha1 Bd8 29. R5a3 Nd7 30. Kc3 a5 31. Kc2 Rb8 32. g3 Nc5 33. R1a2 Na6 34. Bd2 Bb6 35. Nh3 g6 36.
Bc3 f5 37. exf5 gxf5 38. Ng5 Nc5 39. Ra1 Rb7 40. Rb1 Ra7 41. Rd1 Kg7 42. f4 Kf6 43. Rd5 Ne6 44. fxe5+ dxe5 45. Bxe5+ Kg6 46. Nf3 Nc5 47.
Bd4 Kf7 48. Ne5+ Ke6 49. Nxc6 Nxb3 50. Bxb6 Rd7 51. Kxb3 Rb7 52. Rb5 f4 53. gxf4 Kd6 54.
Nxa5 Rf7 55. Bc5+ Ke6 56. Nc6 Kf5 57. Nd4+ Ke4 58. Ne6 Rg7 59. Ng5+ Kf5 60. Kb4 Kg4 61. Rd3 Rc7 62. Rd5 1-0

[Event "*** Titled Tuesday Blitz"]
[Site "Chess.com"]
[Date "2020.05.19"]
[Round "2"]
[White "GM4life"]
[Black "catalin009"]
[Result "0-1"]
[WhiteElo "2196"]
[BlackElo "2431"]
[TimeControl "180+1"]
[EndTime "12:19:42 PDT"]
[Termination "catalin009 won by checkmate"]

1. e4 g6 2. d4 Bg7 3. Nc3 d6 4. f4 a6 5. Nf3 b5 6. Bd3 Bb7 7. O-O b4 8. Ne2 Nf6 9. e5 Nd5 10. f5 Nc6 11. e6 fxe6 12. fxg6 hxg6 13. Bxg6+ Kd7 14. c4 bxc3 15. bxc3 Qg8 16. Ng5 Bxd4+ 17. Nxd4 Qxg6 18. Ndxe6 Ne5 19. c4 Nf6 20. Nc5+ Kc8 21.
Nxb7 Kxb7 22. c5 Qd3 23. Bd2 Qd4+ 24. Kh1 Rxh2+ 25. Kxh2 Rh8+ 26. Nh3 Neg4+ 27. Kh1 Ne4 28. Qxg4 Nf2+ 29. Rxf2 Qxg4 30. Rb1+ Kc6 31. cxd6 exd6 32. Rc1+ Kb7 33. Bc3 Rxh3+ 34. gxh3 Qxh3+ 35. Kg1 Qg3+ 36. Kf1 Qd3+ 37. Kg1 Qg3+ 38. Kf1 Qd3+ 39. Re2 Qh3+ 40. Ke1 c5 41. Rb1+ Kc6 42. Rbb2 Qxc3+ 43. Kf2 Qd4+ 44.
Kg2 a5 45. Red2 Qe4+ 46. Kf2 a4 47. Re2 Qd4+ 48. Kg2 c4 49. Rbd2 Qc5 50. Rf2 c3 51. Rc2 Qg5+ 52. Kf1 Qb5+ 53. Kg1 Qd3 54. Kg2 Kc5 55.
Rf5+ Qxf5 56. Rf2 Qxf2+ 57. Kxf2 c2 58. Ke3 c1=Q+ 59. Kf3 Qa3+ 60. Ke4 Qxa2 61. Kf5 Qb3 62. Kf6 a3 63. Ke7 a2 64. Kd7 a1=Q 65. Kc7 d5 66. Kd7 d4 67. Ke7 d3 68. Kd8 d2 69. Ke8 Qd4 70.
Kf8 Qbe3 71. Kg8 Qdf4 72. Kh8 Qeg3 73. Kh7 Qfh4# 0-1

[Event "*** Titled Tuesday Blitz"]
[Site "Chess.com"]
[Date "2020.05.19"]
[Round "2"]
[White "Hasangatin_Ramil"]
[Black "nihalsarin"]
[Result "1/2-1/2"]
[WhiteElo "2583"]
[BlackElo "3012"]
[TimeControl "180+1"]
[EndTime "12:19:43 PDT"]
[Termination "Game drawn - insufficient material"]

1. e4 c5 2. Nf3 d6 3. d4 cxd4 4. Qxd4 Nf6 5. e5 Nc6 6. Bb5 Qa5+ 7. Nc3 Qxb5 8. Nxb5 Nxd4 9. Nfxd4 dxe5 10. Nc7+ Kd8 11.
Nxa8 exd4 12. Bf4 Nd5 13. O-O-O Nxf4 14. Rxd4+ Bd7 15. Rxf4 g6 16. Kb1 Be6 17. Ra4 Kc8 18.
Rxa7 Bg7 19. Rd1 Be5 20. Nb6+ Kc7 21. Nd5+ Kb8 22. Ra5 Rd8 23. Ne3 Rxd1+ 24. Nxd1 Bxh2 25. g3 h5 26. Ra4 g5 27. Re4 Bg4 28. Ne3 Be6 29. Nd1 Bg4 30. Ne3 Be6 31. Kc1 Bg1 32. Nd1 Bg4 33. Rxe7 Bxd1 34. Kxd1 Bxf2 35. Rxf7 Bxg3 36.
Rf5 Bf4 37. Ke2 h4 38. Kf3 h3 39. Rf7 Ka7 40. Rh7 h2 41. Kg2 Kb6 42. Rxh2 Bxh2 43. Kxh2 Kc5 44. Kg3 Kd4 45. Kg4 Ke3 46. Kxg5 Kd2 47.
c4 Kc2 48. b3 Kb2 49. b4 Kc3 50. b5 Kxc4 51. Kf5 Kxb5 52. Ke5 Kc5 53. Ke4 Kc4 54. Ke5 Kc5 55. Ke6 b5 56. Kd7 b4 57.
Kc7 Kb5 58. Kb7 Ka5 59. Ka7 Kb5 60. Kb7 Ka4 61. Kb6 Ka3 62. Kb5 b3 63. axb3 Kxb3 1/2-1/2

[Event "*** Titled Tuesday Blitz"]
[Site "Chess.com"]
[Date "2020.05.19"]
[Round "2"]
[White "LiemLe"]
[Black "Escanor89"]
[Result "1/2-1/2"]
[WhiteElo "2963"]
[BlackElo "2571"]
[TimeControl "180+1"]
[EndTime "12:19:43 PDT"]
[Termination "Game drawn - insufficient material"]

1. Nf3 Nf6 2. c4 g6 3. Nc3 Bg7 4. e4 d6 5. d4 O-O 6. h3 c5 7. d5 e6 8. Bd3 exd5 9. exd5 Re8+ 10. Be3 Rxe3+ 11. fxe3 Qe7 12. e4 Nbd7 13. O-O Nh5 14. Qd2 a6 15. g4 Ng3 16. Rf2 h5 17. Kg2 h4 18. Re1 Ne5 19. Nxe5 Bxe5 20. Ne2 Bd7 21. b3 b5 22. Rc1 Rf8 23. Ng1 Bd4 24. Nf3 Bxf2 25.
Qxf2 Nxe4 26. Bxe4 Qxe4 27. Re1 Qf4 28. Nxh4 Qxf2+ 29. Kxf2 bxc4 30. bxc4 Rb8 31. Re7 Ba4 32. Nf3 Rb2+ 33.
Kg3 Kf8 34. Ra7 Rxa2 35. Ng5 Be8 36. Ne4 Ba4 37. Nxd6 Bb3 38. Rxf7+ Kg8 39. Rb7 Ra3 40. Kf4 a5 41. Kg5 Bc2 42. h4 Rf3 43. Rb5 a4 44. Rxc5 a3 45. Ra5 Bb1 46. c5 a2 47.
c6 Rc3 48. Kf6 Rc5 49. Ra8+ Kh7 50. Ra7+ Kg8 51. Ke5 Rc1 52. Ne8 Re1+ 53. Kf6 Rxe8 54. d6 Rf8+ 55. Ke5 Re8+ 56. Kf6 Rf8+ 57. Kg5 Be4 58.
c7 Bc6 59. Rxa2 Bd7 60. Re2 Rf7 61. Re7 Rxe7 62. dxe7 Kf7 63. e8=Q+ Kxe8 64. Kxg6 Bxg4 65. h5 Bxh5+ 66. Kxh5 Kd7 67. Kg5 Kxc7 1/2-1/2

[Event "*** Titled Tuesday Blitz"]
[Site "Chess.com"]
[Date "2020.05.19"]
[Round "2"]
[White "FontVella8"]
[Black "Sam_ChessMood"]
[Result "0-1"]
[WhiteElo "2548"]
[BlackElo "2883"]
[TimeControl "180+1"]
[EndTime "12:19:43 PDT"]
[Termination "Sam_ChessMood won by resignation"]

1. e4 c6 2. Nf3 d5 3. d3 dxe4 4. dxe4 Qxd1+ 5. Kxd1 Nf6 6. Nc3 Bg4 7. Be2 Bxf3 8.
Bxf3 e5 9. Be3 Nbd7 10. Ke2 Bc5 11. Rad1 Bxe3 12. Kxe3 Ke7 13. Rd2 Nc5 14. Rhd1 a5 15.
g3 Rad8 16. h4 b5 17. a3 h6 18. Bg2 g5 19. hxg5 hxg5 20. Rxd8 Rxd8 21. Rxd8 Kxd8 22.
f3 Ke7 23. Bf1 Kd6 24. b4 axb4 25. axb4 Ncd7 26. Nb1 Nh5 27. Kf2 Nb6 28. Nd2 Ng7 29.
Bh3 f6 30. Ke3 Nh5 31. Kf2 Ng7 32. Ke3 Ne8 33. Bf1 Nc7 34. c4 bxc4 35. Nxc4+ Nxc4+ 36. Bxc4 Na8 37. Bg8 Nb6 38. Bb3 c5 39. bxc5+ Kxc5 40. Be6 Kb4 41. Kf2 Kc3 42. Kg2 Kd4 43. Kh3 Ke3 44.
Kg4 Na4 45. Bf7 Nc5 46. Bh5 Ne6 47. Be8 Nd4 48. Bh5 Nxf3 49. Kf5 Nd2 50. Kxf6 Nxe4+ 51. Kxe5 Nxg3 52. Bg4 Kf2 53. Kf6 Ne4+ 54. Kf5 Kg3 55.
Bh5 Kh4 56. Kxe4 Kxh5 57. Kf3 Kh4 58. Kg2 Kg4 59. Kf2 Kh3 60. Kg1 Kg3 61. Kf1 g4 62.
Kg1 Kh3 63. Kh1 g3 64. Kg1 g2 0-1

[Event "*** Titled Tuesday Blitz"]
[Site "Chess.com"]
[Date "2020.05.19"]
[Round "2"]
[White "Lion-Al-Messi"]
[Black "Zhani-Z"]
[Result "1-0"]
[WhiteElo "2302"]
[BlackElo "2505"]
[TimeControl "180+1"]
[EndTime "12:19:43 PDT"]
[Termination "Lion-Al-Messi won on time"]

1. e4 e5 2. Nf3 Nc6 3. Bb5 a6 4. Ba4 d6 5. O-O Bg4 6. h3 h5 7. c3 Qf6 8. d4 Bxf3 9. Qxf3 Qxf3 10. gxf3 Ne7 11. Be3 O-O-O 12. a3 g6 13. Nd2 Bh6 14. d5 Nb8 15. b4 f5 16. Bxh6 Rxh6 17. c4 c5 18. bxc5 dxc5 19. Rab1 g5 20. Bc2 f4 21.
a4 Kc7 22. Nb3 Nd7 23. Na5 b6 24. Nb3 a5 25. Rfd1 Nc8 26. Kf1 Nd6 27. Nd2 Nb8 28. Ke2 Na6 29. Rg1 Rg8 30. Rg2 Nb4 31. Bb3 Rhg6 32. Rbg1 Kd7 33. Nb1 Ke7 34. Nc3 Kf6 35. Rd1 g4 36. hxg4 hxg4 37. Rxg4 Rxg4 38. fxg4 Rxg4 39.
Kf3 Rh4 40. Kg2 f3+ 41. Kg3 Nxe4+ 42. Kxh4 Nxc3 43. Rg1 Ne4 44. Rg8 Ke7 45. Rg7+ Kf6 46. Rb7 Nd3 47. Rxb6+ Ke7 48. Kg4 Nd2 49. Kg3 e4 50.
Re6+ Kd7 51. Bc2 Nf1+ 52. Kh4 Nxf2 53. Bxe4 Nd2 54. Bxf3 Nxf3+ 55. Kg3 1-0

[Event "*** Titled Tuesday Blitz"]
[Site "Chess.com"]
[Date "2020.05.19"]
[Round "2"]
[White "sommerpower"]
[Black "Konek-Gorbunok"]
[Result "0-1"]
[WhiteElo "2450"]
[BlackElo "2289"]
[TimeControl "180+1"]
[EndTime "12:19:43 PDT"]
[Termination "Konek-Gorbunok won on time"]

1. Nf3 e6 2. c4 d5 3. b3 Be7 4. Bb2 Bf6 5. d4 c6 6. e3 Be7 7. Nc3 f5 8. Bd3 Nf6 9. h3 O-O 10. g4 Ne4 11. Qc2 Bh4 12. gxf5 Nxf2 13. Nxh4 Nxd3+ 14. Qxd3 Qxh4+ 15. Kd2 Rxf5 16. Raf1 Na6 17.
Rxf5 exf5 18. Ba3 Be6 19. cxd5 cxd5 20. Bd6 Rc8 21. Be5 Qf2+ 22. Qe2 Qxe2+ 23. Nxe2 Nb4 24. Nc3 g6 25. h4 Nc6 26. Bf4 h5 27. Nb5 Nb4 28.
a3 Rc2+ 29. Kd1 Ra2 30. Rh2 Rxh2 31. Bxh2 Nc6 32. Nc7 Kf7 33. Bf4 a6 34. Kd2 Ne7 35. Kc3 Ng8 36. Na8 Nf6 37. Kb4 Ne4 38. Ka5 Nd2 39. Kb6 Nxb3 40. Kxb7 a5 41. Nc7 a4 42. Kc6 Nd2 43. Nxd5 Nc4 44. Nc7 Nxa3 45. d5 Bc8 46. d6 Nc4 47. d7 Bxd7+ 48. Kxd7 a3 49. Nb5 a2 50. Nd6+ Nxd6 51. Be5 Nc4 52. Bd4 Nxe3 53. Bxe3 a1=Q 54. Bc5 Qh1 55. Bd6 Qxh4 56. Be7 Qg4 57.
Bd6 h4 58. Bc7 h3 0-1

[Event "*** Titled Tuesday Blitz"]
[Site "Chess.com"]
[Date "2020.05.19"]
[Round "2"]
[White "karwowskikacper"]
[Black "szefru"]
[Result "0-1"]
[WhiteElo "2393"]
[BlackElo "2155"]
[TimeControl "180+1"]
[EndTime "12:19:44 PDT"]
[Termination "szefru won by resignation"]

1. e4 Nf6 2. e5 Nd5 3. d4 d6 4. Nf3 g6 5. Be2 Bg7 6. O-O O-O 7. Re1 Nb6 8. Bf4 Nc6 9. exd6 cxd6 10. c3 e5 11. dxe5 dxe5 12. Bg5 Qxd1 13. Bxd1 Nc4 14.
b3 Nd6 15. Na3 h6 16. Be3 Ne4 17. Rc1 f5 18. Nd2 Nxd2 19. Bxd2 Rd8 20. Rc2 f4 21. Bf3 Bf5 22. Be4 Bxe4 23. Rxe4 Rd3 24. f3 Rad8 25. Be1 Rd1 26. Kf1 a6 27. Ree2 Ne7 28. Rcd2 R8xd2 29. Rxd2 Rxd2 30. Bxd2 Nd5 31. c4 Ne7 32. Ke2 Kf7 33. Kd3 Ke6 34. Nb1 Nf5 35. Nc3 Nd6 36. c5 Nf5 37. Kc4 Nh4 38. b4 Nxg2 39. Kd3 Nh4 40.
Ke4 g5 41. a4 Nf5 42. b5 axb5 43.
axb5 Nd4 44. Be1 Bf8 45. Bf2 Bxc5 46. Bxd4 Bxd4 47. Nd5 h5 48. h3 g4 49. hxg4 hxg4 50. fxg4 f3 51. Nc7+ Kd7 52. Kxf3 Kxc7 53. Ke4 Kb6 54.
g5 Bc5 55. Kxe5 Kxb5 56. g6 Ba3 57. Ke4 Bb2 58. Kd3 Ka4 59. Kc2 Bg7 60. Kb1 b5 61.
Ka2 Kb4 62. Kb1 Kb3 63. Kc1 Ka2 0-1

[Event "*** Titled Tuesday Blitz"]
[Site "Chess.com"]
[Date "2020.05.19"]
[Round "2"]
[White "elisak43"]
[Black "Supernotar"]
[Result "0-1"]
[WhiteElo "2467"]
[BlackElo "2684"]
[TimeControl "180+1"]
[EndTime "12:19:46 PDT"]
[Termination "Supernotar won by resignation"]

1. Nf3 c5 2. c4 Nc6 3. b3 Nf6 4. Bb2 e6 5. e3 Be7 6. d4 cxd4 7. Nxd4 O-O 8. Be2 Nxd4 9. Qxd4 d6 10. O-O Qc7 11.
Bf3 a6 12. Nc3 Rb8 13. Rfd1 b5 14.
cxb5 axb5 15. Rac1 Qd7 16. Ne4 Ne8 17. Ng3 Bf6 18.
Qd2 Bxb2 19. Qxb2 Bb7 20. Bxb7 Qxb7 21. Rd4 d5 22. e4 Nf6 23. exd5 Nxd5 24. Nh5 f6 25.
Re1 Qf7 26. Ng3 b4 27. a3 bxa3 28. Qxa3 Rb6 29. b4 Rfb8 30. Rb1 Qe7 31. h3 Rxb4 32.
Rdxb4 Rxb4 33. Rxb4 Qxb4 34. Qa8+ Qf8 35. Qc6 Qe7 36.
Ne4 g6 37. Qc8+ Kg7 38. Nc5 e5 39. Ne6+ Kh6 40. Nc5 Nf4 41. Ne4 Kg7 42. Qc1 f5 43. Qc5 Qxc5 44. Nxc5 h5 45. Kh2 h4 46. g3 hxg3+ 47. fxg3 Ne2 48. Kg2 Kf6 49. Kf2 Nd4 50. Nd7+ Ke6 51. Nf8+ Kf7 52. Nd7 Nc6 53. Nc5 Kf6 54.
Kf3 e4+ 55. Kf4 g5+ 56. Ke3 Ke5 57. Nd7+ Ke6 58. Nc5+ Kd5 59. Nd7 Ne5 60. Nf6+ Ke6 61. Nh5 Nc4+ 62. Kd4 Nd6 63. Ng7+ Kf6 64. Nh5+ Kg6 65.
g4 f4 66. Ke5 e3 67. h4 e2 68.
Nxf4+ gxf4 69. Kxf4 0-1

[Event "*** Titled Tuesday Blitz"]
[Site "Chess.com"]
[Date "2020.05.19"]
[Round "2"]
[White "HouseOfDurin"]
[Black "InitiatingASC"]
[Result "1-0"]
[WhiteElo "1989"]
[BlackElo "2349"]
[TimeControl "180+1"]
[EndTime "12:19:46 PDT"]
[Termination "HouseOfDurin won by resignation"]

1. d4 Nf6 2. Bg5 e6 3. e4 Be7 4. Bxf6 Bxf6 5. e5 Be7 6. Qg4 g6 7. Bd3 b6 8. Be4 c6 9. Nf3 d5 10. Bd3 Ba6 11. Bxa6 Nxa6 12. c3 h5 13. Qg3 c5 14.
Nbd2 Nc7 15. h4 Qd7 16. Ng5 Bxg5 17. Qxg5 Qe7 18. dxc5 bxc5 19. Nb3 Qxg5 20. hxg5 Na6 21. O-O-O Kd7 22. c4 d4 23. Rh4 Kc6 24. Rdh1 Rhd8 25. a3 Nc7 26. g4 hxg4 27. Rxg4 Rab8 28. Nd2 Rb7 29. Rh7 Na8 30. Rf4 Rdd7 31. Rh8 Nb6 32. b3 Re7 33. Rf8 Nd7 34. Rc8+ Rc7 35. Rxc7+ Kxc7 36. Re4 Re8 37. f4 Rh8 38. b4 Kc6 39. bxc5 Kxc5 40. Nb3+ Kxc4 41. Rxd4+ Kc3 42. Kd1 Rh1+ 43. Ke2 Nb6 44. Rd3+ Kc2 45. Nd4+ Kb2 46. Nb5 Rh2+ 47. Ke3 Rh3+ 48. Kd4 Rxd3+ 49. Kxd3 a6 50. Nd6 Kxa3 51. Nxf7 Nd5 52. Ke4 Kb3 53. Nd8 a5 54. Nxe6 Ne7 55. Nd4+ Kc4 56. f5 gxf5+ 57. Nxf5 Ng6 58.
Ne3+ Kc5 59. Kf5 Ne7+ 60. Kf6 Nc6 61. g6 Kd4 62. Nc2+ Kc3 63. Na3 Kb3 64. Nb5 Kb4 65.
g7 Kxb5 66. g8=Q a4 67. Qd5+ Kb4 1-0

[Event "*** Titled Tuesday Blitz"]
[Site "Chess.com"]
[Date "2020.05.19"]
[Round "2"]
[White "Bathory44"]
[Black "NefeLV"]
[Result "1-0"]
[WhiteElo "2583"]
[BlackElo "1821"]
[TimeControl "180+1"]
[EndTime "12:19:47 PDT"]
[Termination "Bathory44 won by resignation"]

1. e4 e6 2. d4 d5 3. Nd2 Nf6 4. e5 Nfd7 5. Bd3 c5 6. c3 cxd4 7. cxd4 Nc6 8. Ngf3 Qb6 9. O-O Nxd4 10. Nxd4 Qxd4 11. Nf3 Qg4 12. h3 Qh5 13. Re1 Be7 14.
Kh2 g5 15. g4 Qh6 16. h4 Rg8 17. Kg2 Qg7 18. hxg5 h6 19. Bf4 hxg5 20. Bg3 Nc5 21. Rh1 Bd7 22. Rh7 Qf8 23. Rc1 Rc8 24. b4 Nxd3 25.
Rxc8+ Bxc8 26. Qxd3 Rh8 27. Rxh8 Qxh8 28. Qb5+ Kf8 29.
Qd3 Kg7 30. Qe3 b6 31. Nxg5 Qh6 32. Bf4 Qg6 33. Nf3 Qxg4+ 34. Bg3 f5 35. a3 a5 36.
Qxb6 axb4 37. axb4 f4 38. Qc7 Kf7 39. Qxc8 fxg3 40. fxg3 Qxb4 41. Qd7 Qb2+ 42. Kh3 Qc1 43. Kg4 Qe3 44. Qa4 Qe2 45. Qf4+ Ke8 46. Kh5 Kd7 47. g4 Qf1 48. Kg6 Qh3 49. g5 Qh8 50. Qf7 Qe8 51. Qxe8+ Kxe8 52. Nd4 Kd7 53. Kf7 Bxg5 54. Nxe6 Bh4 55. Nd4 Kc7 56. e6 Kd8 57. Nf5 Bg5 58. Kg6 Be7 59. Kf7 Bg5 60. Nd4 Bh4 61. Kg6 Be7 62.
Kg7 Ke8 63. Kg6 Bd8 64. Kf5 Be7 65. Ke5 Bf6+ 66. Kxf6 Kf8 67. Nf5 1-0

[Event "*** Titled Tuesday Blitz"]
[Site "Chess.com"]
[Date "2020.05.19"]
[Round "2"]
[White "Papa12341234"]
[Black "Manukyan_Artak"]
[Result "1-0"]
[WhiteElo "2554"]
[BlackElo "2295"]
[TimeControl "180+1"]
[EndTime "12:19:47 PDT"]
[Termination "Papa12341234 won on time"]

1. e4 c6 2. d4 d5 3. Nc3 dxe4 4. Nxe4 Nf6 5. Ng3 Bg4 6. Nf3 e6 7. Be2 Bd6 8. Be3 Nbd7 9. h3 Bxf3 10. Bxf3 Bxg3 11. fxg3 Nd5 12. Bf2 b5 13. O-O O-O 14. c3 a5 15. Qd2 a4 16. b3 axb3 17. axb3 Rxa1 18. Rxa1 Qb6 19. c4 bxc4 20. bxc4 Qb4 21.
Qxb4 Nxb4 22. Rb1 Nd3 23. Bxc6 Nxf2 24. Bxd7 Ne4 25. c5 Nc3 26. Rb7 Ne2+ 27. Kf2 Nxd4 28. c6 Nxc6 29. Bxc6 g5 30. Kf3 Kg7 31. Ba4 Kf6 32. Kg4 h6 33. Bb3 Rc8 34. h4 Rc5 35. Rb8 Kg7 36. Rb4 Kf6 37. Re4 Kg7 38. Re3 Rb5 39. hxg5 hxg5 40. Kf3 Rb4 41. Bc2 g4+ 42. Kf2 Rb2 43. Rc3 f5 44. Ke3 Kf6 45. Rc6 Rb4 46. Bd3 Rb3 47. Kd2 Rb2+ 48. Bc2 Ke5 49.
Kc3 Rb7 50. Bb3 Re7 51. Kd3 f4 52.
Rc5+ Kd6 53. Rg5 f3 54. gxf3 gxf3 55. Ke3 Rf7 56. Kf2 Rb7 57. Bd1 Rb2+ 58. Kxf3 e5 59. Be2 Kd5 60. Ke3 Rb3+ 61. Kf2 Kd4 62. Rg8 Rb2 63.
Rd8+ Ke4 64. Ra8 Rc2 65. Ra4+ Kf5 66. Ra3 Rb2 67. Ra5 Ke4 68. Ra4+ Kf5 69. Ke3 Rb3+ 70. Bd3+ Kg5 71. Re4 Kf6 72. Rg4 1-0

[Event "*** Titled Tuesday Blitz"]
[Site "Chess.com"]
[Date "2020.05.19"]
[Round "2"]
[White "MilanJeremic"]
[Black "gvanna"]
[Result "1-0"]
[WhiteElo "2282"]
[BlackElo "2449"]
[TimeControl "180+1"]
[EndTime "12:19:47 PDT"]
[Termination "MilanJeremic won by resignation"]

1. d4 d5 2. Nf3 Nf6 3. g3 Bf5 4.
Bg2 e6 5. O-O Be7 6. Bg5 O-O 7.
Bxf6 Bxf6 8. c3 h6 9. Nbd2 Nd7 10. Re1 c5 11. e3 Rc8 12. Nb3 Qb6 13. Qd2 a5 14.
Nc1 a4 15. a3 Rfe8 16. Bf1 Rcd8 17.
Bd3 Bg4 18. Be2 Bf5 19. Bd3 Bg4 20. Be2 Qc7 21. Nd3 b6 22. Rac1 Bf5 23. Nf4 Qc6 24. Bd3 Bg4 25. Be2 g5 26. Nd3 Bf5 27. Nde5 Nxe5 28.
Nxe5 Bxe5 29. dxe5 Qc7 30. f4 Kg7 31. Bb5 Rf8 32. Bxa4 f6 33. exf6+ Rxf6 34. Bc2 Rdf8 35. Bxf5 Rxf5 36. c4 Qc6 37. cxd5 exd5 38. Qc3+ Kg8 39. Rcd1 Qe6 40. b4 Rc8 41. bxc5 bxc5 42. a4 h5 43. a5 h4 44. Rb1 hxg3 45. hxg3 Qe4 46. Rb7 Rf7 47. Rxf7 Kxf7 48. Kf2 g4 49. Rd1 Qf3+ 50. Ke1 Qxg3+ 51. Kd2 Qg2+ 52. Kc1 Qe4 53. a6 g3 54. Qc2 Qxc2+ 55. Kxc2 Ke6 56. Rg1 Rg8 57. a7 Kf5 58. Rxg3 Ra8 59. Rg7 Ke4 60.
Re7+ Kf3 61. Kd3 Rc8 62. Rb7 Ra8 63. Kd2 Ke4 64. Re7+ Kf3 65. f5 d4 66. exd4 cxd4 67. f6 Kg4 68. f7 Rf8 69. Re8 Rxf7 70. a8=Q 1-0

[Event "*** Titled Tuesday Blitz"]
[Site "Chess.com"]
[Date "2020.05.19"]
[Round "2"]
[White "EfM13"]
[Black "vanyakuba"]
[Result "0-1"]
[WhiteElo "2231"]
[BlackElo "2453"]
[TimeControl "180+1"]
[EndTime "12:19:47 PDT"]
[Termination "vanyakuba won by checkmate"]

1. e4 d5 2. exd5 Qxd5 3. Nc3 Qa5 4. d4 Nf6 5. Bd3 Bg4 6. Ne2 Nc6 7. f3 Bf5 8. O-O O-O-O 9. Be3 e6 10. a3 Bxd3 11.
Qxd3 Ne5 12. Qb5 Qxb5 13. Nxb5 Nc4 14. Bf4 Nd5 15. b3 Nxf4 16. Nxf4 Ne3 17. Rfc1 a6 18. Nc3 Rxd4 19. Ne4 Be7 20. Kf2 Nf5 21. c3 Rd7 22. g4 Nd6 23. Nc5 Rdd8 24. c4 Bg5 25. Kg3 e5 26. Nd5 Bxc1 27. Rxc1 Rhe8 28. b4 Nxc4 29.
Nxc7 Kxc7 30. Rxc4 Kb8 31. a4 Rd4 32. Rc3 Rxb4 33.
a5 Rb5 34. Ne4 Rd8 35. Ng5 Rd7 36. Nxh7 Rxa5 37. h4 b5 38. Rc5 f6 39. g5 fxg5 40. hxg5 Re7 41. Nf8 Ra3 42. Ng6 Rc7 43. Rxe5 b4 44.
Re6 Kb7 45. Ne5 b3 46. Nd3 Ra2 47. Re4 a5 48. Re5 Kb6 49. Re6+ Rc6 50. Re5 Rd2 51.
Rd5 a4 52. Rd4 Rxd3 53. Rxd3 b2 54. Rd8 Kb7 55. Rd7+ Rc7 56. Rd1 Rc1 57. Rd7+ Kc6 58. Rd8 b1=Q 59. Rc8+ Kd7 60. Rxc1 Qxc1 61. Kg4 Ke6 62. f4 g6 63. Kf3 Qc3+ 64. Ke4 Qc4+ 65. Ke3 Kf5 66. Kf3 Qd3+ 67. Kg2 Kxf4 68. Kh1 Qc2 69.
Kg1 Kg3 70. Kh1 Qg2# 0-1